 Dungeon Sprint DCSS version 0.18.1-6-gd335043 (webtiles) character file.

4300000 tix the Conqueror (level 24, -6/227 HPs)
             Began as a Demonspawn Abyssal Knight on May 18, 2016.
             Was the Champion of Lugonu.
             Killed from afar by a large bag of meat (26 damage)
             ... with an exploding inner flame
             ... in the Dungeon (Sprint VIII: "Arena of Blood").
             The game lasted 00:02:11 (43 turns).

tix the Conqueror (Demonspawn Abyssal Knight)         Turns: 43, Time: 00:02:11

Health: -6/227     AC: 14    Str: 16    XL:     24   Next: 55%
Magic:  26/54      EV: 36    Int: 13    God:    Lugonu [******]
Gold:   0          SH:  0    Dex: 22    Spells: 0 memorised, 77 levels left

rFire  + . .     SeeInvis .     j - +∞ Axe of Woe
rCold  . . .     Gourm    .     b - +0 leather armour
rNeg   . . .     Faith    .     (shield currently unavailable)
rPois  .         Spirit   .     (no helmet)
rElec  .         Dismiss  .     (no cloak)
rCorr  .         Reflect  .     (gloves unavailable)
SustAt .         Harm     .     (no boots)
MR     +....     NoTele   +     (no amulet)
Stlth  +++++++++.               (no ring)
                                (no ring)

@: somewhat resistant to hostile enchantments, incredibly stealthy
A: claws 3, iridescent scales 3, fire resistance 1, ignite blood, powered by
death 2, augmentation 2, flame cloud immunity
a: Bend Space, Banish, Corrupt, Brand Weapon With Distortion, Renounce Religion


You were in the Dungeon.
You worshipped Lugonu.
Lugonu was exalted by your worship.
You were not hungry.

You visited 1 branch

Inventory:

Hand Weapons
 a - a +1 hand axe
 j - the +∞ Axe of Woe (weapon)
   (You found it in the Dungeon)
Armour
 b - a +0 leather armour (worn)
Scrolls
 i - a scroll of blinking
Potions
 d - a potion of curing
 e - a potion of heal wounds
 f - a potion of haste
 g - a potion of magic
 h - a potion of berserk rage
Comestibles
 c - a bread ration


   Skills:
 O Level 27 Fighting
 O Level 27 Axes
 O Level 27 Throwing
 O Level 27 Armour
 O Level 27 Dodging
 O Level 27 Stealth
 O Level 27 Unarmed Combat
 O Level 27 Spellcasting
 O Level 27 Invocations


You had 77 spell levels left.
You didn't know any spells.

Dungeon Overview and Level Annotations

Branches:
Dungeon (1/1)

Altars:
Makhleb
Lugonu

Annotations:
D corrupted


Innate Abilities, Weirdness & Mutations

You have claws for hands.
You are completely covered in iridescent scales (AC +8).
Your flesh is heat resistant.
Your demonic aura causes spilled blood to erupt in flames.
You regenerate health from kills.
Your magical and physical power is enhanced at high health.
You are immune to clouds of flame.


Message History

The large bag of meat is engulfed in roaring flames.
You hear a shout! x2
The eight-headed meat hydra calls on the powers of darkness!
The eight-headed meat hydra convulses!
Your body is wracked with pain!
* * * LOW HITPOINT WARNING * * *
The bag of meat convulses! x2; The large bag of meat convulses!
The bag of meat convulses!
The meat berserker convulses!
The bag of meat convulses! x3; The meat berserker convulses!
You hear a shout! x2
The destroyer is engulfed in roaring flames.
You hear a shout!
A meat berserker comes into view. It is wielding a +9 battleaxe.
Unknown command.
Unknown command.
You slice the large bag of meat like a ripe choko!!!
You fatally mangle the large bag of meat.
The large bag of meat explodes!
The fiery explosion engulfs the bag of meat. x2
The fiery explosion engulfs you! You resist.
You die...

...#...#§ ..#.X
.......C§.#.. X
.#.#o..o#§...#.X
....§..§§#......
o.§§..C_#o#.....
..o.#o)#).......
. #oooo§...#.
...o#§§§§).#.#
...Do§§@#§......
....#§V#§§..#...
.###.#§ §O.###..
#... ...# #...
..V# .... ....
..... .....
.....O ......


You could see an eight-headed meat hydra, 2 destroyers, a large bag of meat
(inner flame), 2 meat berserkers and 9 bags of meat.

Vanquished Creatures
  4 vampire knights (D)
  14 ogres (D)
  22 orcs (D)
  3 hill giants (D)
43 creatures vanquished.

Notes
Turn   | Place    | Note
--------------------------------------------------------------
     0 | D        | tix the Demonspawn Abyssal Knight began the quest for the Orb.
     0 | D        | Reached XP level 1. HP: 18/18 MP: 2/2
     3 | D        | Noticed a bag of meat
     3 | D        | Noticed a bag of meat
     3 | D        | Noticed a meat berserker
     4 | D        | Killed a bag of meat
     4 | D        | Reached skill level 10 in Armour
     4 | D        | Gained mutation: Your flesh is heat resistant. [demonic ancestry]
     4 | D        | Reached XP level 2. HP: 54/54 MP: 2/9
     4 | D        | Reached XP level 3. HP: 60/60 MP: 2/10
     4 | D        | Gained mutation: You are immune to clouds of flame. [demonic ancestry]
     4 | D        | Reached XP level 4. HP: 68/68 MP: 2/12
     4 | D        | Gained mutation: You have sharp fingernails. [demonic ancestry]
     4 | D        | Reached XP level 5. HP: 74/74 MP: 2/13
     4 | D        | Gained mutation: You are partially covered in iridescent scales (AC +4). [demonic ancestry]
     4 | D        | Reached XP level 6. HP: 82/82 MP: 2/15
     4 | D        | Gained mutation: You are mostly covered in iridescent scales (AC +6). [demonic ancestry]
     4 | D        | Reached XP level 7. HP: 88/88 MP: 2/16
     4 | D        | Gained mutation: You have very sharp fingernails. [demonic ancestry]
     4 | D        | Reached XP level 8. HP: 96/96 MP: 2/17
     4 | D        | Reached XP level 9. HP: 102/102 MP: 2/18
     4 | D        | Gained mutation: Your demonic aura causes spilled blood to erupt in flames. [demonic ancestry]
     4 | D        | Reached XP level 10. HP: 110/110 MP: 2/19
     4 | D        | Reached XP level 11. HP: 116/116 MP: 2/20
     5 | D        | Noticed a meat berserker
     5 | D        | Noticed a bag of meat
     5 | D        | Killed a meat berserker
     5 | D        | Reached ** piety under Lugonu
     5 | D        | Reached XP level 12. HP: 133/133 MP: 2/24
     5 | D        | Gained mutation: You regenerate a little health from kills. [demonic ancestry]
     5 | D        | Reached XP level 13. HP: 140/140 MP: 2/25
     6 | D        | Noticed a bag of meat
     8 | D        | Killed a bag of meat
     8 | D        | Reached skill level 27 in Fighting
     8 | D        | Reached skill level 15 in Axes
     8 | D        | Gained mutation: You have claws for hands. [demonic ancestry]
     8 | D        | Reached XP level 14. HP: 153/153 MP: 2/26
     9 | D        | Noticed a meat berserker
     9 | D        | Killed a meat berserker
     9 | D        | Reached *** piety under Lugonu
     9 | D        | Reached skill level 5 in Dodging
     9 | D        | Gained mutation: You are completely covered in iridescent scales (AC +8). [demonic ancestry]
     9 | D        | Reached XP level 15. HP: 113/159 MP: 3/29
    12 | D        | Killed a meat berserker
    12 | D        | Reached **** piety under Lugonu
    12 | D        | Reached XP level 16. HP: 98/167 MP: 3/32
    16 | D        | Noticed a meat berserker
    16 | D        | Reached skill level 27 in Invocations
    16 | D        | Reached XP level 17. HP: 113/174 MP: 4/34
    17 | D        | Reached ***** piety under Lugonu
    17 | D        | Reached skill level 10 in Dodging
    20 | D        | Killed a meat berserker
    20 | D        | Reached skill level 27 in Axes
    21 | D        | Noticed a meat berserker
    23 | D        | Noticed a meat berserker
    23 | D        | Noticed a meat berserker
    23 | D        | Noticed a meat berserker
    24 | D        | Killed a meat berserker
    24 | D        | Reached skill level 27 in Armour
    24 | D        | Reached XP level 18. HP: 121/182 MP: 6/35
    25 | D        | Killed a meat berserker
    26 | D        | Reached skill level 27 in Dodging
    26 | D        | Gained mutation: Your magical and physical power is slightly enhanced at high health. [demonic ancestry]
    26 | D        | Reached XP level 19. HP: 133/189 MP: 6/36
    27 | D        | Noticed a meat berserker
    27 | D        | Noticed a destroyer
    27 | D        | Noticed a destroyer
    27 | D        | Corrupted D
    27 | D        | Noticed a large bag of meat
    27 | D        | Noticed a meat berserker
    27 | D        | Noticed a destroyer
    27 | D        | Noticed a large bag of meat
    27 | D        | Noticed a large bag of meat
    27 | D        | Noticed a lich
    28 | D        | Noticed a large bag of meat
    28 | D        | Killed a meat berserker
    28 | D        | Reached skill level 10 in Stealth
    28 | D        | Killed a meat berserker
    30 | D        | Noticed a meat berserker
    30 | D        | Noticed a meat berserker
    31 | D        | Noticed a meat berserker
    31 | D        | Noticed a meat berserker
    31 | D        | Killed a meat berserker
    31 | D        | Reached skill level 15 in Throwing
    31 | D        | Reached skill level 15 in Unarmed Combat
    31 | D        | Reached skill level 15 in Spellcasting
    31 | D        | Gained mutation: You regenerate health from kills. [demonic ancestry]
    31 | D        | Reached XP level 20. HP: 159/197 MP: 25/39
    31 | D        | Reached ****** piety under Lugonu
    33 | D        | Killed a meat berserker
    33 | D        | Reached XP level 21. HP: 130/204 MP: 24/45
    36 | D        | Reached skill level 27 in Stealth
    36 | D        | Gained mutation: Your magical and physical power is enhanced at high health. [demonic ancestry]
    36 | D        | Reached XP level 22. HP: 122/212 MP: 25/51
    39 | D        | Noticed a destroyer
    39 | D        | Noticed a destroyer
    39 | D        | Noticed a destroyer
    39 | D        | Reached skill level 27 in Throwing
    39 | D        | Reached skill level 27 in Unarmed Combat
    39 | D        | Reached skill level 27 in Spellcasting
    39 | D        | Killed a destroyer
    39 | D        | Reached XP level 23. HP: 83/219 MP: 25/54
    40 | D        | Killed a destroyer
    41 | D        | Killed a destroyer
    41 | D        | Reached XP level 24. HP: 30/227 MP: 26/54
    42 | D        | Noticed a destroyer
    42 | D        | Killed a destroyer
    43 | D        | Killed from afar by a large bag of meat

Skill      XL: |  1  2  3  4  5  6  7  8  9 10 11 12 13 14 15 16 17 18 19 20 21 22 |
---------------+-------------------------------------------------------------------+-----
Fighting       | 21 25 27 | 27.0
Axes           | 11 13 15 18 23 25 27 | 27.0
Armour         | 10 13 14 17 21 22 27 | 27.0
Dodging        | 2 3 5 8 9 20 27 | 27.0
Invocations    | 12 16 17 20 25 27 | 27.0
Throwing       | 15 20 25 27 | 27.0
Stealth        | 17 22 27 | 27.0
Unarmed Combat | 15 20 25 27 | 27.0
Spellcasting   | 15 20 25 27 | 27.0

Action                   |  1- 3 |  4- 6 |  7- 9 | 10-12 | 13-15 | 16-18 | 19-21 | 22-24 || total
-------------------------+-------+-------+-------+-------+-------+-------+-------+-------++-------
Melee: Executioner's axe |     1 |       |       |     1 |     4 |     7 |     5 |     7 ||    25
Invok: Corrupt           |       |       |       |       |       |       |     1 |       ||     1
       Bend Space        |       |       |       |       |       |       |     1 |       ||     1
  Use: Potion            |       |       |       |       |       |       |     1 |       ||     1
Dodge: Dodged            |       |       |       |       |       |       |     2 |       ||     2
